 Dungeon Crawl Stone Soup version 0.23.1 (console) character file.

Game seed: 11737882836169601281

6576 bli the Carver (level 10, -9/90 HPs)
             Began as a Minotaur Monk on Mar 2, 2019.
             Was an Elder of Wu Jian.
             Mangled by a spiny frog (14 damage)
             ... on level 1 of the Lair of Beasts.
             The game lasted 00:31:39 (7529 turns).

bli the Carver (Minotaur Monk)                      Turns: 7529, Time: 00:31:40

Health: -9/90      AC: 11    Str: 17    XL:     10   Next: 71%
Magic:  9/9        EV: 17    Int:  9    God:    Wu Jian [****..]
Gold:   534        SH:  3    Dex: 15    Spells: 9/9 levels left

rFire    . . .     SeeInvis .   a - +0 long sword
rCold    . . .     Gourm    .   (no shield)
rNeg     . . .     Faith    .   H - +3 leather armour
rPois    .         Spirit   .   (helmet restricted)
rElec    .         Reflect  +   Z - +2 cloak
rCorr    .         Harm     .   I - +0 pair of gloves
MR       +....                  (no boots)
Stlth    +.........             h - +3 amulet of reflection
HPRegen  0.25/turn              k - +2 ring of intelligence
MPRegen  0.11/turn              T - ring of protection from magic

@: lethally poisoned (-9 -> -11), very slow
A: retaliatory headbutt, horns 2
a: Wall Jump, Serpent's Lash, Renounce Religion


You were on level 1 of the Lair of Beasts.
You worshipped Wu Jian.
Wu Jian was greatly pleased with you.
You were not hungry.

You visited 3 branches of the dungeon, and saw 11 of its levels.

You collected 534 gold pieces.

Inventory:

Hand Weapons
 a - a +0 long sword (weapon)
 b - a +1 hunting sling of velocity
 s - a +0 falchion
 Y - a +2 dagger of speed
Missiles
 j - 7 tomahawks
 o - 64 sling bullets
 x - 25 poisoned needles
 D - 8 javelins (quivered)
 K - 8 curare-tipped needles
Armour
 H - a +3 leather armour (worn)
 I - a +0 pair of gloves (worn)
 U - a +0 shield
 Z - a +2 cloak (worn)
Magical Staves
 R - an uncursed staff of wizardry
Jewellery
 d - an uncursed ring of flight
 h - a +3 amulet of reflection (around neck)
 k - a +2 ring of intelligence (left hand)
 t - an uncursed amulet of regeneration
 u - an uncursed ring of wizardry
 M - an uncursed ring of fire
 P - an uncursed amulet of the acrobat
 Q - an uncursed amulet of faith
 T - a ring of protection from magic (right hand)
Wands
 C - a wand of random effects (48)
 L - a wand of polymorph (6)
 S - a wand of paralysis (8)
Scrolls
 e - 2 scrolls of identify
 g - 8 scrolls of enchant weapon {unknown}
 l - 6 scrolls of teleportation {unknown}
 n - a scroll of immolation {unknown}
 r - a scroll of amnesia {unknown}
 v - 4 scrolls of blinking {unknown}
 y - 2 scrolls of fog {unknown}
 z - 2 scrolls of remove curse
 B - 5 scrolls of magic mapping {unknown}
 G - a scroll of noise
 J - a scroll of enchant armour
 V - a scroll of fear {unknown}
 W - a scroll of holy word
 X - a scroll of random uselessness {unknown}
Potions
 f - 2 potions of might {unknown}
 i - 2 potions of flight
 m - 3 potions of degeneration {unknown}
 p - a potion of brilliance {unknown}
 q - a potion of ambrosia {unknown}
 w - 3 potions of curing {unknown}
 A - 6 potions of heal wounds {unknown}
 E - a potion of lignification {unknown}
 F - a potion of haste
 N - a potion of magic
 O - 4 potions of resistance
Comestibles
 c - 22 rations


   Skills:
 + Level 8.8 Fighting
 * Level 14.0 Long Blades
 + Level 0.1 Slings
 + Level 5.3 Armour
 + Level 8.3 Dodging
 + Level 3.5 Stealth
 + Level 0.6 Shields


You had 9 spell levels left.
You didn't know any spells.
Your spell library was empty.

Dungeon Overview and Level Annotations

Branches:
Dungeon (9/15)             Temple (1/1) D:7            Lair (1/6) D:9
    Orc: D:9-12

Altars:
Ashenzari
Dithmenos
Elyvilon
Nemelex Xobeh
Okawaru
Qazlal
Trog
Uskayaw
Wu Jian
The Shining One


Innate Abilities, Weirdness & Mutations

You reflexively headbutt those who attack you in melee.
You have a pair of horns on your head.


Message History

The spiny frog is severely wounded.
The spiny frog barely misses you.
The porcupine bites you but does no damage.
You feel sick.
You barely miss the porcupine.
You headbutt the porcupine, but do no damage.
The porcupine is lightly wounded.
The porcupine misses you. You furiously retaliate!
You headbutt the porcupine!
The spiny frog stings you but does no damage.
You hit the porcupine.
You kill the porcupine!
The Council accepts your kill.
Your Long Blades skill increases to level 14!
You feel sick. The spiny frog completely misses you.
The spiny frog closely misses you.
You enter the shallow water.
Moving in this stuff is going to be slow.
The spiny frog stings you!!
* * * LOW HITPOINT WARNING * * *
The spiny frog stings you!
You die...

.......
##..........P#.........
#.#.#.#
###..........####........
......###.........####
#........ .......#...........#
####..... ......#...........##
#..... ........≈≈..≈....##
#P..... ........≈≈≈≈≈≈...#
##..... ......≈≈≈≈≈≈≈≈≈.##
###... .....≈≈≈≈≈≈≈≈≈≈Y# ##..
......≈≈≈.≈≈≈≈≈F## ###
.(....≈≈≈≈<≈≈≈≈F@### #####
......≈≈≈..≈≈≈≈≈#..##
#######....
...≈≈≈≈≈≈≈≈≈.....##.##.#......
...≈≈≈≈≈≈≈≈...........#.......
....≈≈≈≈≈≈≈...................
........≈≈....................
..............................
..............................
:##......(.........##.........
##.##.............#.........
## #.#####..##.............


You could see an elephant and 2 spiny frogs.

Vanquished Creatures
  Maurice (D:8)
  Joseph (D:7)
  A spiny frog (Lair:1)
  2 komodo dragons
  3 hippogriffs (D:8)
  Sigmund (D:2)
  3 yaks (D:9)
  2 humans (D:9)
  Menkaure (D:6)
  2 water moccasins
  A porcupine (Lair:1)
  An orc warrior (D:7)
  A sky beast (D:8)
  2 phantoms
  2 black bears (D:9)
  3 ogres
  2 centaurs
  4 crocodiles (Lair:1)
  9 bullfrogs
  A gnoll sergeant (D:5)
  4 scorpions
  6 killer bees (D:9)
  2 howler monkeys
  2 crimson imps
  4 hounds
  2 jellies
  A quasit (D:9)
  A bullfrog skeleton (D:4)
  4 orc priests
  3 orc wizards
  A centaur skeleton (D:8)
  3 iguanas
  A worker ant (D:8)
  A hound skeleton (D:7)
  12 adders
  5 gnolls (D:5)
  2 shadow imps
  2 adder zombies
  2 worms
  2 leopard geckos
  24 orcs
  7 bats
  6 giant cockroaches
  7 goblins
  10 hobgoblins
  7 jackals
  2 quokkas
  4 ball pythons
  3 frilled lizards
  A jackal skeleton (D:7)
  5 kobolds
  A leopard gecko skeleton (D:4)
  A leopard gecko zombie (D:5)
  A quokka skeleton (D:6)
  11 rats
193 creatures vanquished.

Vanquished Creatures (others)
  8 plants (D:9)
8 creatures vanquished.

Grand Total: 201 creatures vanquished

Notes
Turn   | Place    | Note
-------+----------+-------------------------------------------
     0 | D:1      | bli the Minotaur Monk began the quest for the Orb.
     0 | D:1      | Reached XP level 1. HP: 19/19 MP: 0/0
    83 | D:1      | Reached skill level 4 in Long Blades
    83 | D:1      | Reached XP level 2. HP: 26/27 MP: 1/1
   747 | D:2      | Reached XP level 3. HP: 27/33 MP: 2/2
   988 | D:2      | Reached skill level 5 in Long Blades
  1143 | D:2      | Noticed Sigmund
  1151 | D:2      | Killed Sigmund
  1151 | D:2      | Reached skill level 6 in Long Blades
  1151 | D:2      | Reached skill level 1 in Armour
  1151 | D:2      | Reached XP level 4. HP: 14/41 MP: 3/3
  1151 | D:2      | Reached XP level 5. HP: 16/47 MP: 4/4
  1363 | D:3      | Reached XP level 6. HP: 53/53 MP: 5/5
  1426 | D:3      | Reached skill level 7 in Long Blades
  1491 | D:3      | You fall through a shaft for 2 floors!
  1491 | D:5      | Entered Level 5 of the Dungeon
  1618 | D:5      | Reached skill level 5 in Fighting
  1886 | D:4      | Reached XP level 7. HP: 49/61 MP: 6/6
  2132 | D:4      | Found a bloodstained altar of Trog.
  2336 | D:4      | Reached skill level 8 in Long Blades
  2374 | D:4      | Found a shattered altar of Ashenzari.
  3187 | D:3      | Found an ornate altar of the Wu Jian Council.
  3195 | D:3      | Became a worshipper of the Wu Jian Council
  3195 | D:3      | Reached * piety under Wu Jian
  3195 | D:3      | Reached ** piety under Wu Jian
  3740 | D:6      | Reached skill level 9 in Long Blades
  3740 | D:6      | Reached XP level 8. HP: 47/70 MP: 7/7
  3958 | D:6      | Noticed Menkaure
  3961 | D:6      | Killed Menkaure
  3961 | D:6      | Reached skill level 5 in Dodging
  4151 | D:7      | Reached skill level 10 in Long Blades
  4163 | D:7      | Found a staircase to the Ecumenical Temple.
  4527 | D:7      | Noticed Joseph
  4542 | D:7      | Killed Joseph
  4542 | D:7      | Reached skill level 11 in Long Blades
  4542 | D:7      | Reached XP level 9. HP: 48/78 MP: 8/8
  5136 | Temple   | Entered the Ecumenical Temple
  5406 | D:8      | Found a stormy altar of Qazlal.
  5431 | D:8      | Reached skill level 12 in Long Blades
  5461 | D:8      | Found a hide-covered altar of Uskayaw.
  5648 | D:8      | Noticed Maurice
  5649 | D:8      | Found a glowing golden altar of the Shining One.
  5656 | D:8      | Killed Maurice
  5682 | D:8      | Reached *** piety under Wu Jian
  5974 | D:9      | Found an iron altar of Okawaru.
  5983 | D:9      | Reached XP level 10. HP: 83/88 MP: 9/9
  6103 | D:9      | Found a shadowy altar of Dithmenos.
  6181 | D:9      | Reached skill level 13 in Long Blades
  6259 | D:9      | Reached skill level 5 in Armour
  6517 | D:9      | HP: 1/89 [komodo dragon (19)]
  6951 | D:9      | Found a staircase to the Lair.
  6972 | Lair:1   | Entered Level 1 of the Lair of Beasts
  7030 | Lair:1   | Reached **** piety under Wu Jian
  7129 | Lair:1   | Noticed a spiny frog
  7141 | Lair:1   | Killed a spiny frog
  7508 | Lair:1   | Noticed a spiny frog
  7508 | Lair:1   | Noticed an elephant
  7512 | Lair:1   | Noticed a spiny frog
  7528 | Lair:1   | Reached skill level 14 in Long Blades
  7529 | Lair:1   | Mangled by a spiny frog

Skill      XL: |  1  2  3  4  5  6  7  8  9 10 |
---------------+-------------------------------+-----
Long Blades    | 4 6 7 9 11 12 14 | 14.0
Fighting       | 4 5 6 8 |  8.8
Armour         | 1 2 3 4 5 |  5.3
Dodging        | 4 5 7 8 |  8.3
Stealth        | 2 3 |  3.5
Slings         | |  0.1
Shields        | |  0.6

Action                   |  1- 3 |  4- 6 |  7- 9 | 10-12 || total
-------------------------+-------+-------+-------+-------++-------
Melee: Falchion          |    40 |       |       |       ||    40
       Headbutt          |    15 |     5 |    85 |    43 ||   148
       Long sword        |    25 |    55 |   319 |   193 ||   592
 Fire: Hunting sling     |       |       |       |     1 ||     1
Throw: Javelin           |       |       |     1 |       ||     1
Invok: Whirlwind         |       |       |    49 |    35 ||    84
       Lunge             |       |       |    30 |    12 ||    42
 Abil: Wall Jump         |       |       |       |     1 ||     1
  Use: Potion            |       |       |     1 |       ||     1
       Scroll            |       |       |     5 |     3 ||     8
 Stab: Sleeping          |     6 |     1 |     7 |     1 ||    15
  Eat: Chunk             |     1 |     2 |    14 |     2 ||    19
       Ration            |       |       |       |     1 ||     1
Armor: Robe              |     4 |       |       |       ||     4
       Leather armour    |     2 |     7 |    83 |    29 ||   121
Dodge: Dodged            |    40 |    46 |   211 |   108 ||   405
Block: Other             |       |       |       |    11 ||    11
       Rpst.: Falchion   |     8 |       |       |       ||     8
       Long sword        |     5 |    10 |    50 |    30 ||    95
